Unix NetHack Version 5.0.0-0 post-release - last build May  4 2026 22:22:43 (774f63e81ad911689b3a0859ea89b322d5daca8d,branch:main).

Game began 2026-05-07 09:08:10, ended 2026-05-07 10:18:20.

2459783kj, lawful female human Samurai

                                           ---
                            -------        -.--                        ------
                          |.......----    -...|                       --....--
                          |..----....|   -...--            ------------..--..--
                          |.--  ----.----....---------------..................|
                          |.|      |.........................-----------.---..|
                        ..|.|      ---%.....-----...%----------- --..| --- ----
                      --..|.|     ---... ...-- --....---  ----.---...---   ---
                      |..|..|  --%|..........| |.......|  -.|..........|  --.--
                      ->--.--  |.............| --......---....--.---...| --...|
                      ..|      --............-- -............----- --.%---...--
                                |<^.......-...--i........|...|      |........|
                                --............i@....^--.---.--      ----.---.|
                                  --..........ii....(|--- ---          --- ---
                                   --......^...---..-|
                                  --....--.- ..| --..--
                                  |.....|--- ---  --..|
                                  |...---          |..|
                                  --.--            ----
                                   ---

2459783kj the Ronin    St:11 Dx:16 Co:18 In:10 Wi:7 Ch:7  Lawful
Dlvl:5  $:156 HP:0(47) Pw:13(13) AC:10 Xp:5 T:2944 

Latest messages:
 You see here a rothe corpse.
 The dog bites!
 The dog bites!
 The dog bites!
 You hit the dog!
 The dog bites!
 What do you want to drink? [pqAGQRT or ?*] ?
 You feel better.
 The dog bites!
 What do you want to drink? [pqAGQRT or ?*] ?
 You feel better.
 The dog bites!
 You hit the dog.
 You kill the dog!
 You miss 24620901111's ghost.
 You miss 24620901111's ghost.
 You miss 24620901111's ghost.
 The manes hits!
 The manes hits again!
 The manes bites!
 You miss the manes.
 You destroy the manes!
 The manes hits!
 The manes hits again!
 The manes bites!
 You hit the manes.
 You hit the manes.
 The manes hits!
 The manes hits again!
 The manes bites!
 You miss the manes.
 You miss the manes.
 The manes hits!
 The manes hits again!
 The manes bites!
 You miss the manes.
 You destroy the manes!
 You see here a balsa wand.
 The manes hits!
 The manes hits again!
 The manes bites!
 The manes hits!
 The manes hits again!
 The manes bites!
 You die...
 Do you want your possessions identified? [ynq] (y) n
 Do you want to see your attributes? [ynq] (y) n
 Do you want an account of creatures vanquished? [ynaq] (y) n
 Do you want to see your conduct and achievements? [ynq] (y) n
 Do you want to see the dungeon overview? [ynq] (y) n

Inventory:
 Coins    ('$')
  $ - 156 gold pieces
 Weapons  (')')
  C - 11 +0 orcish arrows
  N - 9 cursed +0 darts
  D - a +0 orcish dagger
  t - a +0 aklys
  z - a +0 aklys
  a - a +0 katana (weapon in left hand)
  O - a cursed +1 quarterstaff
 Armor    ('[')
  E - an uncursed +0 orcish helm
  P - a cursed +0 pair of gauntlets of dexterity
  m - an uncursed +0 pair of yugake
 Comestibles  ('%')
  V - 2 uncursed gunyoki
 Scrolls  ('?')
  K - a cursed scroll of destroy armor
  J - 2 cursed scrolls of enchant armor
  X - an uncursed scroll of gold detection
  I - a cursed scroll of gold detection
 Spellbooks  ('+')
  L - an uncursed spellbook of haste self
 Potions  ('!')
  Q - a cursed potion of confusion
  R - a cursed potion of extra healing
  G - an uncursed potion of gain energy
  T - 2 cursed potions of healing
  p - an uncursed potion of paralysis
  A - a cursed potion of sickness
  q - 2 uncursed potions of water
 Rings    ('=')
  U - a cursed ring of conflict
  H - an uncursed ring of stealth
 Wands    ('/')
  y - a wand of striking (0:4)
 Tools    ('(')
  B - a cursed osaku
  r - an uncursed tin opener
 Gems/Stones  ('*')
  g - an uncursed opal
  W - an uncursed worthless piece of red glass
  u - an uncursed worthless piece of white glass
  x - an uncursed worthless piece of yellowish brown glass

2459783kj the Samurai's attributes:

Background:
 You were a Ronin, a level 5 female human Samurai.
 You were lawful, on a mission for Amaterasu Omikami
 who was opposed by Raijin (neutral) and Susanowo (chaotic).
 You were left-handed.
 You were in the Gnomish Mines, on level 5.
 You entered the dungeon 2944 turns ago.
 You had 299 experience points, 21 more were needed to attain level 6.

Basics:
 You had 0 out of 47 hit points.
 You had all 13 energy points (spell power).
 Your armor class was 10.
 Your wallet contained 156 zorkmids.
 Autopickup was off.

Final Characteristics:
 Your strength was 11 (peak:17, limit:18/100).
 Your dexterity was 16 (limit:18).
 Your constitution was 18 (limit:18).
 Your intelligence was 10 (limit:18).
 Your wisdom was 7 (limit:18).
 Your charisma was 7 (limit:18).

Final Status:
 You weren't hungry.
 You were unencumbered.
 You were wielding a long sword.
 You had basic skill with long sword and could have enhanced that.
 You weren't wearing any armor.

Final Attributes:
 You were piously aligned.
 You aggravated monsters.
 You were fast.
 You are dead.

Miscellaneous:
 You encountered 2 bones levels.
 Total elapsed playing time was 1 hour, 10 minutes and 8 seconds.

Major events:
 Turn
    1: 2459783kj the lawful female human Samurai entered the dungeon
  551: made her first wish - "potions of healing", got "2 orange potions"
  918: attained the rank of Ronin (level 3)
 1365: entered the Gnomish Mines
 2944: killed by a manes

Spells:
 Name                 Level Category     Fail Retention
 haste self             3   escape       100%  76%-100%

Skills:
 Fighting Skills
   martial arts      [Basic]
   two weapon combat [Unskilled]
   riding            [Unskilled]
 Weapon Skills
   dagger            [Unskilled]
   knife             [Unskilled]
   short sword       [Basic]
   broadsword        [Unskilled]
   long sword        [Basic]
   two-handed sword  [Unskilled]
   saber             [Unskilled]
   flail             [Unskilled]
   quarterstaff      [Unskilled]
   polearms          [Unskilled]
   spear             [Unskilled]
   lance             [Unskilled]
   bow               [Basic]
   shuriken          [Unskilled]
 Spellcasting Skills
   attack spells     [Unskilled]
   divination spells [Unskilled]
   clerical spells   [Unskilled]

Voluntary challenges:
 Character rerolling was not enabled.
 You never genocided any monsters.
 You never polymorphed an object.
 You never changed form.
 You used 1 wish.
 You did not wish for any artifacts.
Achievements:
 You entered a shop.
 You attained the rank of Ronin.
 You entered the Gnomish Mines.

 The Dungeons of Doom: levels 1 to 7
    Level 1:
    Level 2:
       A wand shop.
    Level 3:
       An altar.
    Level 4:
       Stairs down to The Gnomish Mines.
    Level 5:
    Level 6:
       A fountain.
       Final resting place for
          Ackbladder-Wiz-Gno-Mal-Neu, killed by a raven.
    Level 7:
 The Gnomish Mines: levels 5 to 6
    Level 5: <- You were here.
       A grave.
       Final resting place for
          you, killed by a manes,
          24620901111-Rog-Hum-Mal-Cha, killed by a gnome lord.
    Level 6:


Vanquished creatures:
  a wolf
  a dog
  a raven
  a violet fungus
  3 gnome leaders
 an elf zombie
  a rothe
  a wererat
  2 manes
  2 giant rats
  a brown mold
 12 gnomes
  a gnome zombie
  a gecko
  2 jackals
  3 foxes
  a goblin
  2 grid bugs
  a bat
  6 lichens
  2 kobold zombies
  7 newts
53 creatures vanquished.

No species were genocided or became extinct.

Game over:
                       ----------
                      /          \
                     /    REST    \
                    /      IN      \
                   /     PEACE      \
                  /                  \
                  |    2459783kj     |
                  |      156 Au      |
                  |   killed by a    |
                  |      manes       |
                  |                  |
                  |                  |
                  |       2026       |
                 *|     *  *  *      | *
        _________)/\\_//(\/(/\)/\//\/|_)_______

Sayonara 2459783kj the Samurai...

You died in The Gnomish Mines on dungeon level 5 with 1647 points,
and 156 pieces of gold, after 2944 moves.
You were level 5 with a maximum of 47 hit points when you died.

